 Dungeon Crawl Stone Soup version 0.31-a0-803-g95b03c3367 (webtiles) character file.

Game seed: 5358476411365107819

36 ytrimaz the Insei (level 3, -5/23 HPs)
             Began as an Octopode Shapeshifter on Sept 20, 2023.
             Slain by Terence
             ... wielding a +0 short sword
              (6 damage)
             ... on level 2 of the Dungeon.
             The game lasted 00:01:08 (934 turns).

ytrimaz the Insei (Octopode Shapeshifter)            Turns: 934, Time: 00:01:08

Health: -5/23      AC:  1    Str: 13    XL:     3   Next: 37%
Magic:  3/3        EV: 13    Int: 12    God:
Gold:   58         SH:  0    Dex: 13    Spells: 2/2 levels left

rFire   . .          .
                       - Unarmed
rCold   . . .        (no shield)
rNeg    . . .        (helmet currently unavailable)
rPois   .            (no amulet)
rElec   .            (no ring)
rCorr   .            (no ring)
SInv    .            (no ring)
Will    .....        (no ring)
Stlth   ++           (no ring)
HPRegen 0.23/turn    (no ring)
MPRegen 0.08/turn    (no ring)
                     (no ring)

%: no passive effects
@: beast-form
A: beast (slay +2), almost no armour, amphibious, 8 rings, camouflage 1,
gelatinous body 1, (nimble swimmer 1), tentacles
a: Begin Untransformation


You were on level 2 of the Dungeon.
You were a hulking beast.
You visited 1 branch of the dungeon, and saw 2 of its levels.

You collected 58 gold pieces.


Innate Abilities, Weirdness & Mutations

You are a hulking beast.
Your limbs bulge with bestial killing power. (Slay +2)
You cannot wear most types of armour.
You are amphibious.
You can wear up to eight rings at the same time.
Your skin changes colour to match your surroundings (Stealth+).
Your rubbery body absorbs attacks. (AC +1, EV +1)
((You are camouflaged when in or above water. (Stealth+)))
You have tentacles for arms and can constrict up to eight enemies at once.


   Skills:
 - Level 1.0 Fighting
 - Level 2.0 Dodging
 + Level 3.7 Unarmed Combat
 + Level 3.6 Shapeshifting


You had 2 spell levels left.
You didn't know any spells.
Your spell library was empty.

Inventory:

Talismans
 b - a beast talisman (active)
 c - a flux talisman
Scrolls
 e - a scroll of amnesia {unknown}
 g - a scroll of identify {unknown}
 j - a scroll of summoning {unknown}
Potions
 a - a potion of lignification
 f - a potion of mutation {unknown}
 h - a potion of heal wounds {unknown}
 i - a potion of degeneration {unknown}

Dungeon Overview and Level Annotations

Branches:
Dungeon (2/15) Zot: 11069

Altars:

Annotations:
D:2 Terence

.....................
<...............†...
#..................
#....#.............
#.....?...#######.. #
#.................. #..
#..................
.....#J..†..###.........
......@h....# #...###...
............# #...##....
............###...#..###
#.#.....................
# #.........###.....#...
.......................
.##........##.####.##...
#....####.............
...........#.


You could see Terence and an endoplasm.


Message History

You tentacle-slap the kobold.
You kill the kobold! 😕 HP[+1]
You see here a +0 dagger.
No target in view!
A bat comes into view.
A bat is nearby!
A bat is nearby! 😕 HP[+1]
A bat is nearby!
A bat is nearby!
A worm comes into view. 😎 HP[+1]
Your hp is fully restored (23).
The bat misses you. The bat closely misses you.
You miss the bat. Your grab misses the bat. The bat barely misses you.
The bat misses you. The bat barely misses you.
You barely miss the bat. Your grab misses the bat. The bat barely misses you.
The bat closely misses you. The bat barely misses you.
You tentacle-slap the bat.
You kill the bat!
No target in view!
You see here a bat corpse.
No target in view!
The worm closely misses you.
You barely miss the worm. You grab the worm. You squeeze the worm!
You constrict the worm. The worm bites you! 😮 HP[-7]
You take 7 damage, and now have 16/23 hp.
MASSIVE DAMAGE!! (PAUSE)
You tentacle-slap the worm. You squeeze the worm.
You kill the worm!
You are too injured to fight recklessly!
Unknown command.
You see here a worm corpse. 😮 HP[+1]
You are too injured to fight recklessly!
You see here a +0 antimagic quarterstaff. 😎 HP[+6]
Your hp is fully restored (23).
You now have 58 gold pieces (gained 2).
A rat comes into view.
A rat is nearby!
A rat is nearby!
Terence the Incautious comes into view.
He is wielding a +0 short sword.
Found a stone staircase leading up.
You tentacle-slap the rat but do no damage.
You grab the rat. You constrict the rat. The rat bites you but does no damage.
You tentacle-slap the rat.
You kill the rat!
Terence shouts!
An endoplasm comes into view.
You see here a rat corpse.
Unknown command.
Terence hits you with a +0 short sword. 😮 HP[-6]
You take 6 damage, and now have 17/23 hp.
MASSIVE DAMAGE!! (PAUSE)
You tentacle-slap Terence but do no damage.
Your grab misses Terence. You squeeze Terence! Terence barely misses you.
You tentacle-slap Terence but do no damage.
Your grab misses Terence. Terence misses you. The endoplasm freezes you.
You are frozen. 😮 HP[-4]
You take 4 damage, and now have 13/23 hp.
Unknown command.
You tentacle-slap Terence but do no damage.
You grab Terence.
You constrict Terence, but do no damage.
Terence closely misses you. The endoplasm closely misses you.
Unknown command.
You tentacle-slap Terence. You constrict Terence. Terence misses you.
The endoplasm hits you.
Unknown command.
You tentacle-slap Terence but do no damage.
You constrict Terence. Terence barely misses you. The endoplasm misses you.
Unknown command.
You tentacle-slap Terence. You constrict Terence.
Terence hits you with a +0 short sword.
* * * LOW HITPOINT WARNING * * *
The endoplasm barely misses you. 😨 HP[-4]
You take 4 damage, and now have 9/23 hp.
Unknown command.
Unknown command.
You tentacle-slap Terence.
You constrict Terence, but do no damage.
Terence hits you with a +0 short sword!
* * * LOW HITPOINT WARNING * * *
The endoplasm closely misses you. 😱 HP[-8]
You take 8 damage, and now have 1/23 hp.
MASSIVE DAMAGE!! (PAUSE) Unknown command.
It was a potion of magic.
Magic courses through your body.
You constrict Terence. Terence hits you with a +0 short sword.
You die...

Action                     || total
---------------------------++-------
  Melee: Unarmed           ||    58
         Constrict         ||    15
         Tentacles         ||    12
         Punch             ||     2
    Use: Potion            ||     1
   Stab: Sleeping          ||     6
 Armour: Skin              ||    22
  Dodge: Dodged            ||    32

Levels and vault maps discovered:
D:1:      dpeg_arrival_arbitrary_c, layout_basic, chequers_serial_rivers_marsh,
          amcnicky_mini_corridor_feature, reono_crystal_passage, st_stairs_7,
          chequers_serial_rivers_micro_a, minmay_misc_feat_iff
D:2:      layout_basic, dreamdust_ecumenical_altar_sealed_demon, uniq_sigmund,
          uniq_terence

Notes
Turn   | Place    | Note
-------+----------+-------------------------------------------
     0 | D:1      | ytrimaz the Octopode Shapeshifter began the quest for the
                  | Orb.
     0 | D:1      | Reached XP level 1. HP: 13/13 MP: 1/1
     0 | D:1      | magus.rc [v1.9.6]
   214 | D:1      | Reached XP level 2. HP: 17/18 MP: 2/2
   747 | D:2      | Reached XP level 3. HP: 23/23 MP: 3/3
   920 | D:2      | Noticed Terence
   933 | D:2      | HP: 1/23 [Terence/+0 short sword (8)]
   934 | D:2      | Slain by Terence

Vanquished Creatures
  A worm (D:2)
  A dart slug (D:2)
  2 endoplasms
  A giant cockroach (D:1)
  2 hobgoblins (D:1)
  2 jackals (D:1)
  A quokka (D:1)
  2 ball pythons
  5 bats
  A frilled lizard (D:1)
  2 goblins (D:1)
  5 kobolds
  5 rats
30 creatures vanquished.

Table legend:
 A = Non-vault XP
 B = Vault XP
 C = Vault XP percentage of total XP
 D = Non-vault monster count
 E = Vault monster count
 F = Vault count percentage of total count
                 A         B        C        D         E       F
            +---------+---------+-------+---------+---------+-------
      Total |      51 |       1 |   1.9 |      29 |       1 |   3.3
            +---------+---------+-------+---------+---------+-------
        D:1 |      31 |       1 |   3.1 |      19 |       1 |   5.0
        D:2 |      20 |       0 |   0.0 |      10 |       0 |   0.0
            +---------+---------+-------+---------+---------+-------

Action                     || total
---------------------------++-------
  Melee: Unarmed           ||    58
         Constrict         ||    15
         Tentacles         ||    12
         Punch             ||     2
    Use: Potion            ||     1
   Stab: Sleeping          ||     6
 Armour: Skin              ||    22
  Dodge: Dodged            ||    32

Illustrated notes

Table legend:
 A = Kills in this place as a percentage of kills in the entire game.
 B = Kills by you in this place as a percentage of kills by you in the entire game.
 C = Kills by friends in this place as a percentage of kills by friends in the entire game.
 D = Other kills in this place as a percentage of other kills in the entire game.
 E = Experience gained in this place as a percentage of experience gained in the entire game.
 F = Experience gained in this place divided by the number of levels of this place that you have seen.
                   A       B       C       D       E      F
               +-------+-------+-------+-------+-------+----------------------
         Total | 100.0 | 100.0 |   N/A |   N/A | 100.0 |  26.0
       Dungeon | 100.0 | 100.0 |   N/A |   N/A | 100.0 |  26.0
               +-------+-------+-------+-------+-------+----------------------

Table legend: (Time is in decaauts)
 A = Elapsed time spent in this place.
 B = Non-inter-level travel time spent in this place.
 C = Inter-level travel time spent in this place.
 D = Time resting spent in this place.
 E = Time spent auto-exploring this place.
 F = Levels seen in this place.
 G = Mean time per level.
                   A        B        C        D        E       F      G
               +--------+--------+--------+--------+--------+-----+--------+
         Total |    929 |    918 |     11 |      0 |    705 |   2 |  464.5 |
       Dungeon |    929 |    918 |     11 |      0 |    705 |   2 |  464.5 |
               +--------+--------+--------+--------+--------+-----+--------+

Top non-repeatable levels by time:
     D:1: 735 daAuts
     D:2: 194 daAuts
